EL
SPRINGFIELD CARDINALS @ MISSISSIPPI BRAVES
07/22/2044
 
TOP OF THE 1ST
Springfield Cardinals batting - Pitching for Mississippi Braves : RHP Matt Peck
Pitching: RHP Matt Peck
Batting: RHB John Parra 0-0: Swinging Strike
0-1: SINGLE (Line Drive, 3D, EV 98.1 MPH)
Batting: RHB Armando Estrada 0-0: Ball
John Parra steals 2nd base
1-0: Ball
2-0: TRIPLE (Flyball, 9LD, EV 102.5 MPH)
John Parra scores
Batting: RHB Jason Keller 0-0: Foul Ball, location: 2F
0-1: Called Strike
0-2: Ball
1-2: Strikes out swinging
Batting: RHB Josh Lyon 0-0: Called Strike
0-1: Ball
1-1: Ball
2-1: Called Strike
2-2: Foul Ball, location: 2F
2-2: Strikes out looking
Batting: RHB Dave Cluster 0-0: Ball
1-0: DOUBLE (Flyball, 8RXD, EV 107.5 MPH)
Armando Estrada scores
Batting: RHB Jorge Benites 0-0: Ball
1-0: Called Strike
1-1: Ground out 6-3 (Groundball, 6, EV 103.1 MPH)
Top of the 1st over - 2 runs, 3 hits, 0 errors, 1 left on base; Springfield 2 - Mississippi 0
BOTTOM OF THE 1ST
Mississippi Braves batting - Pitching for Springfield Cardinals : LHP Carlos Toledo
Pitching: LHP Carlos Toledo
Batting: RHB Tim Nettles 0-0: Foul Ball, location: 2F
0-1: Foul Ball, location: 2F
0-2: Foul Ball, location: 2F
0-2: Ball
1-2: Ball
2-2: Ball
3-2: SINGLE (Groundball, 4MD, EV 105.6 MPH)
Batting: RHB Zachary Sidney 0-0: Ball
1-0: Ball
2-0: Ball
3-0: Called Strike
3-1: Grounds into double play, U6-3 (Groundball, 4MD, EV 78.8 MPH)
Batting: RHB Jack Power 0-0: Ball
1-0: Called Strike
1-1: Ball
2-1: Ball
3-1: Base on Balls
Batting: SHB Brian Bagley 0-0: Swinging Strike
0-1: Swinging Strike
0-2: Foul Ball, location: 2F
0-2: Foul Ball, location: 2F
0-2: Strikes out looking
Bottom of the 1st over - 0 runs, 1 hit, 0 errors, 1 left on base; Springfield 2 - Mississippi 0
TOP OF THE 2ND
Springfield Cardinals batting - Pitching for Mississippi Braves : RHP Matt Peck
Batting: LHB Chris Raymond 0-0: Ball
1-0: Foul Ball, location: 2F
1-1: Ball
2-1: Foul Ball, location: 2F
2-2: Strikes out looking
Batting: LHB Yeong-hun Joe 0-0: Foul Ball, location: 2F
0-1: Ball
1-1: Ball
2-1: Ball
3-1: Base on Balls
Batting: RHB Javier Ochoa 0-0: Ball
1-0: Ball
2-0: Ball
3-0: Called Strike
3-1: Base on Balls
Yeong-hun Joe to second
Batting: RHB John Parra 0-0: Ball
1-0: Ball
2-0: Ball
3-0: Called Strike
3-1: Foul Ball, location: 2F
3-2: Foul Ball, location: 2F
3-2: Fielders Choice at 2nd, 6-4 (Groundball, 6M, EV 100.0 MPH)
Yeong-hun Joe to third
Batting: RHB Armando Estrada 0-0: Called Strike
0-1: Ball
1-1: Fielders Choice at 2nd, 6-4 (Groundball, 6, EV 103.8 MPH)
Top of the 2nd over - 0 runs, 0 hits, 0 errors, 2 left on base; Springfield 2 - Mississippi 0
BOTTOM OF THE 2ND
Mississippi Braves batting - Pitching for Springfield Cardinals : LHP Carlos Toledo
Batting: RHB Yorkis Saiki 0-0: SINGLE (Groundball, 56D, EV 105.6 MPH)
Batting: LHB Robby Dann 0-0: Called Strike
0-1: Ball
1-1: Ball
2-1: Foul Ball, location: 2F
2-2: Ball
3-2: Base on Balls
Yorkis Saiki to second
Batting: LHB Raul Guarjardo 0-0: Foul Ball, location: 2F
0-1: Ball
1-1: Fielders Choice at 2nd, 4-6 (Groundball, 4, EV 77.5 MPH)
Yorkis Saiki to third
Batting: LHB Jon Burgos 0-0: Called Strike
0-1: Ball
1-1: Fielders Choice at 2nd, 4-6 (Groundball, 34, EV 90.6 MPH)
Yorkis Saiki scores
Batting: RHB Edwin Cota 0-0: Foul Ball, location: 2F
0-1: TRIPLE (Flyball, 89XD, EV 99.4 MPH)
Jon Burgos scores
Batting: RHB Tim Nettles 0-0: Called Strike
0-1: Called Strike
0-2: Strikes out swinging
Bottom of the 2nd over - 2 runs, 2 hits, 0 errors, 1 left on base; Springfield 2 - Mississippi 2
TOP OF THE 3RD
Springfield Cardinals batting - Pitching for Mississippi Braves : RHP Matt Peck
Batting: RHB Jason Keller 0-0: Ball
1-0: Called Strike
1-1: Foul Ball, location: 2F
1-2: DOUBLE (Line Drive, 3D, EV 98.1 MPH)
Batting: RHB Josh Lyon 0-0: Called Strike
Jason Keller steals 3rd base
0-1: Foul Ball, location: 2F
0-2: Ball
1-2: Ball
2-2: Foul Ball, location: 2F
2-2: Ground out U3 (Groundball, 3S, EV 78.1 MPH)
Batting: RHB Dave Cluster 0-0: Called Strike
0-1: SINGLE (Line Drive, 9S, EV 110.0 MPH)
Jason Keller scores
Batting: RHB Jorge Benites 0-0: Ball
1-0: Called Strike
1-1: Ball
2-1: Called Strike
Dave Cluster steals 2nd base
2-2: Foul Ball, location: 2F
2-2: Foul Ball, location: 2F
2-2: 2-RUN HOME RUN (Flyball, 78XD, EV 108.8 MPH), Distance : 411 ft
Pitching: LHP Pete Dobbs
Batting: LHB Chris Raymond 0-0: Called Strike
0-1: Foul Ball, location: 2F
0-2: Hit by Pitch
Batting: LHB Yeong-hun Joe 0-0: Ball
1-0: Called Strike
1-1: Grounds out, U3 (Groundball, 3L, EV 85.6 MPH)
Batting: RHB Javier Ochoa 0-0: Ball
1-0: Foul Ball, location: 2F
1-1: Called Strike
1-2: Strikes out swinging
Top of the 3rd over - 3 runs, 3 hits, 0 errors, 1 left on base; Springfield 5 - Mississippi 2
BOTTOM OF THE 3RD
Mississippi Braves batting - Pitching for Springfield Cardinals : LHP Carlos Toledo
Batting: RHB Zachary Sidney 0-0: Swinging Strike
0-1: DOUBLE (Line Drive, 89M, EV 107.5 MPH)
Batting: RHB Jack Power 0-0: Ground out 6-3 (Groundball, 6S, EV 69.4 MPH)
Zachary Sidney to third
Batting: SHB Brian Bagley 0-0: Ball
1-0: Called Strike
1-1: Foul Ball, location: 2F
1-2: Ground out 5-3 (Groundball, 56S, EV 86.2 MPH)
Zachary Sidney scores
Batting: RHB Yorkis Saiki 0-0: Ball
1-0: Called Strike
1-1: Ground out 5-3 (Groundball, 56S, EV 81.9 MPH)
Bottom of the 3rd over - 1 run, 1 hit, 0 errors, 0 left on base; Springfield 5 - Mississippi 3
TOP OF THE 4TH
Springfield Cardinals batting - Pitching for Mississippi Braves : LHP Pete Dobbs
Batting: RHB John Parra 0-0: Foul Ball, location: 2F
0-1: Ball
1-1: Foul Ball, location: 2F
1-2: Ball
2-2: Strikes out swinging
Batting: RHB Armando Estrada 0-0: Ball
1-0: TRIPLE (Groundball, 3L, EV 98.8 MPH)
Batting: RHB Jason Keller 0-0: Ball
Wild Pitch!
Armando Estrada scores
1-0: Foul Ball, location: 2F
1-1: DOUBLE (Flyball, 8RXD, EV 90.0 MPH)
Batting: RHB Josh Lyon 0-0: Ground out 4-3 (Groundball, 4, EV 100.6 MPH)
Jason Keller to third
Batting: RHB Dave Cluster 0-0: Ball
1-0: Ground out 5-3 (Groundball, 56, EV 103.8 MPH)
Top of the 4th over - 1 run, 2 hits, 0 errors, 1 left on base; Springfield 6 - Mississippi 3
BOTTOM OF THE 4TH
Mississippi Braves batting - Pitching for Springfield Cardinals : LHP Carlos Toledo
Batting: LHB Robby Dann 0-0: Ball
1-0: Ball
2-0: Foul Ball, location: 2F
2-1: Called Strike
2-2: Ball
3-2: Strikes out swinging
Batting: LHB Raul Guarjardo 0-0: Fly out, F7 (Flyball, 78D, EV 95.6 MPH)
Batting: LHB Jon Burgos 0-0: Foul Ball, location: 2F
0-1: DOUBLE (Flyball, 78XD, EV 112.5 MPH)
Batting: RHB Edwin Cota 0-0: Called Strike
0-1: Called Strike
0-2: Ball
1-2: Ball
2-2: Ball
3-2: Ground out 6-3 (Groundball, 6S, EV 86.2 MPH)
Bottom of the 4th over - 0 runs, 1 hit, 0 errors, 1 left on base; Springfield 6 - Mississippi 3
TOP OF THE 5TH
Springfield Cardinals batting - Pitching for Mississippi Braves : LHP Pete Dobbs
Batting: RHB Jorge Benites 0-0: Ball
1-0: Called Strike
1-1: Foul Ball, location: 2F
1-2: Ball
2-2: Ball
3-2: Base on Balls
Batting: LHB Chris Raymond 0-0: Swinging Strike
0-1: Called Strike
0-2: Ball
1-2: Ball
2-2: Foul Ball, location: 2F
2-2: Strikes out looking
Batting: LHB Yeong-hun Joe 0-0: Foul Ball, location: 2F
0-1: Ball
1-1: Swinging Strike
1-2: Foul Ball, location: 2F
1-2: Reached on error, E4 (Groundball, 34D, EV 103.1 MPH)
Jorge Benites to second
Batting: RHB Javier Ochoa 0-0: Fly out, F9 (Flyball, 9LD, EV 101.9 MPH)
Runner from 2nd tags up, SAFE at 3rd, no throw by RF
Batting: RHB John Parra 0-0: SINGLE (Flyball, 6MD, EV 91.2 MPH)
Jorge Benites scores
Yeong-hun Joe to second
Runner from 2nd tries for 3rd, SAFE, throw by CF made to third
Batting: RHB Armando Estrada 0-0: Foul Ball, location: 2F
0-1: Fly out, F8 (Flyball, 89D, EV 103.8 MPH)
Top of the 5th over - 1 run, 1 hit, 1 error, 2 left on base; Springfield 7 - Mississippi 3
BOTTOM OF THE 5TH
Mississippi Braves batting - Pitching for Springfield Cardinals : LHP Carlos Toledo
Batting: RHB Tim Nettles 0-0: Called Strike
0-1: Called Strike
0-2: Ball
1-2: Ball
2-2: Ball
3-2: Fly out, F9 (Flyball, 9LM, EV 93.1 MPH)
Batting: RHB Zachary Sidney 0-0: Ball
1-0: Ground out 6-3 (Groundball, 6, EV 78.8 MPH)
Batting: RHB Jack Power 0-0: Ground out 6-3 (Groundball, 6, EV 105.6 MPH)
Bottom of the 5th over - 0 runs, 0 hits, 0 errors, 0 left on base; Springfield 7 - Mississippi 3
TOP OF THE 6TH
Springfield Cardinals batting - Pitching for Mississippi Braves : LHP Pete Dobbs
Batting: RHB Jason Keller 0-0: Ball
1-0: Ball
2-0: Ball
3-0: Base on Balls
Pitching: RHP Jonathan Jacquez
Batting: RHB Josh Lyon 0-0: Called Strike
0-1: Foul Ball, location: 2F
0-2: Strikes out swinging
Batting: RHB Dave Cluster 0-0: Ball
Jason Keller steals 2nd base
1-0: Ball
2-0: Swinging Strike
2-1: Ground out 6-3 (Groundball, 56, EV 108.8 MPH)
Batting: RHB Jorge Benites 0-0: Foul Ball, location: 2F
0-1: Fly out, F5 (Popup, 56S, EV 83.1 MPH)
Top of the 6th over - 0 runs, 0 hits, 0 errors, 1 left on base; Springfield 7 - Mississippi 3
BOTTOM OF THE 6TH
Mississippi Braves batting - Pitching for Springfield Cardinals : LHP Carlos Toledo
Batting: SHB Brian Bagley 0-0: Called Strike
0-1: Fly out, F3 (Popup, 3F, EV 60.6 MPH)
Batting: RHB Yorkis Saiki 0-0: Swinging Strike
0-1: Ball
1-1: Ball
2-1: Ball
3-1: Base on Balls
Batting: LHB Robby Dann 0-0: Ball
1-0: Foul Ball, location: 2F
1-1: Called Strike
1-2: Ball
2-2: TRIPLE (Flyball, 89XD, EV 103.8 MPH)
Yorkis Saiki scores
Batting: LHB Raul Guarjardo 0-0: Foul Ball, location: 2F
0-1: Ground out 6-3 (Groundball, 6D, EV 102.5 MPH)
Robby Dann scores
Batting: LHB Jon Burgos 0-0: Ball
1-0: Ball
2-0: Foul Ball, location: 2F
2-1: Ball
3-1: Base on Balls
Pitching: RHP Mike Foulger
Batting: RHB Edwin Cota 0-0: Ball
1-0: Swinging Strike
1-1: Ground out 6-3 (Groundball, 56, EV 100.0 MPH)
Bottom of the 6th over - 2 runs, 1 hit, 0 errors, 1 left on base; Springfield 7 - Mississippi 5
TOP OF THE 7TH
Springfield Cardinals batting - Pitching for Mississippi Braves : RHP Jonathan Jacquez
Batting: LHB Chris Raymond 0-0: Ball
1-0: SOLO HOME RUN (Flyball, 89XD, EV 103.1 MPH), Distance : 405 ft
Batting: LHB Yeong-hun Joe 0-0: SINGLE (Groundball, 56S, EV 71.9 MPH) (infield hit)
Batting: RHB Javier Ochoa 0-0: Called Strike
Yeong-hun Joe is caught stealing 2nd base 2-4
0-1: Swinging Strike
0-2: Ball
1-2: Ball
2-2: Foul Ball, location: 2F
2-2: Ball
3-2: Foul Ball, location: 2F
3-2: Base on Balls
Batting: RHB John Parra 0-0: Ball
1-0: Ball
2-0: Called Strike
2-1: Ball
3-1: Base on Balls
Javier Ochoa to second
Batting: RHB Armando Estrada 0-0: Swinging Strike
0-1: Ball
1-1: Ball
2-1: Foul Ball, location: 2F
2-2: Strikes out swinging
Batting: RHB Jason Keller 0-0: Ball
1-0: Fielders Choice at 2nd, 6-4 (Groundball, 6, EV 85.0 MPH)
Top of the 7th over - 1 run, 2 hits, 0 errors, 2 left on base; Springfield 8 - Mississippi 5
BOTTOM OF THE 7TH
Mississippi Braves batting - Pitching for Springfield Cardinals : RHP Mike Foulger
Batting: RHB Tim Nettles 0-0: SINGLE (Line Drive, 8RS, EV 105.6 MPH)
Batting: RHB Zachary Sidney 0-0: Ball
Tim Nettles steals 2nd base
1-0: Swinging Strike
1-1: Ground out 1-3 (Groundball, 13, EV 73.8 MPH)
Tim Nettles to third
Pitching: RHP John Larimore
Batting: RHB Jack Power 0-0: Called Strike
0-1: Ball
1-1: SINGLE (Groundball, 34D, EV 102.5 MPH)
Tim Nettles scores
Batting: SHB Brian Bagley 0-0: Ball
1-0: Ball
2-0: Called Strike
2-1: Ball
3-1: Foul Ball, location: 2F
3-2: Foul Ball, location: 2F
3-2: Fly out, F8 (Flyball, 78S, EV 85.6 MPH)
Batting: RHB Yorkis Saiki 0-0: Called Strike
0-1: Fly out, F6 (Line Drive, 6, EV 67.5 MPH)
Bottom of the 7th over - 1 run, 2 hits, 0 errors, 1 left on base; Springfield 8 - Mississippi 6
TOP OF THE 8TH
Springfield Cardinals batting - Pitching for Mississippi Braves : RHP Jonathan Jacquez
Pitching: RHP Scott Bentley
Batting: RHB Josh Lyon 0-0: Ball
1-0: Called Strike
1-1: Ball
2-1: Ball
3-1: Base on Balls
Batting: RHB Dave Cluster 0-0: Ball
1-0: Grounds into double play, 5-4-3 (Groundball, 56S, EV 91.2 MPH)
Batting: RHB Jorge Benites 0-0: Ball
1-0: Fly out, F9 (Flyball, 9LD, EV 106.2 MPH)
Top of the 8th over - 0 runs, 0 hits, 0 errors, 0 left on base; Springfield 8 - Mississippi 6
BOTTOM OF THE 8TH
Mississippi Braves batting - Pitching for Springfield Cardinals : RHP John Larimore
Batting: LHB Robby Dann 0-0: Ball
1-0: Foul Ball, location: 2F
1-1: Ball
2-1: Swinging Strike
2-2: Foul Ball, location: 2F
2-2: Strikes out swinging
Batting: LHB Raul Guarjardo 0-0: Ball
1-0: Swinging Strike
1-1: Ball
2-1: Foul Ball, location: 2F
2-2: Foul Ball, location: 2F
2-2: Foul Ball, location: 2F
2-2: Ground out 5-3 (Groundball, 5, EV 91.2 MPH)
Batting: LHB Jon Burgos 0-0: Swinging Strike
0-1: Ground out U3 (Groundball, 3S, EV 80.0 MPH)
Bottom of the 8th over - 0 runs, 0 hits, 0 errors, 0 left on base; Springfield 8 - Mississippi 6
TOP OF THE 9TH
Springfield Cardinals batting - Pitching for Mississippi Braves : RHP Scott Bentley
Batting: LHB Chris Raymond 0-0: Called Strike
0-1: Ball
1-1: Reached on error, E5 (Groundball, 5D, EV 91.2 MPH)
Batting: LHB Yeong-hun Joe 0-0: Sac Bunt to 13S - play at first, batter OUT! 1-3
Chris Raymond to second
Batting: RHB Javier Ochoa 0-0: Called Strike
0-1: Foul Ball, location: 2F
0-2: Ground out 5-3 (Groundball, 5, EV 89.4 MPH)
Batting: RHB John Parra 0-0: Fly out, F8 (Flyball, 8LD, EV 99.4 MPH)
Top of the 9th over - 0 runs, 0 hits, 1 error, 1 left on base; Springfield 8 - Mississippi 6
BOTTOM OF THE 9TH
Mississippi Braves batting - Pitching for Springfield Cardinals : RHP John Larimore
Pitching: LHP Drew Roemer
Batting: RHB Edwin Cota 0-0: Called Strike
0-1: Swinging Strike
0-2: Strikes out swinging, 2-3 out at first.
Batting: RHB Tim Nettles 0-0: Ball
1-0: Foul Ball, location: 2F
1-1: Ball
2-1: Ball
3-1: Foul Ball, location: 2F
3-2: Base on Balls
Batting: RHB Zachary Sidney 0-0: Ball
1-0: Ball
2-0: Foul Ball, location: 2F
2-1: Ball
3-1: Base on Balls
Tim Nettles to second
Batting: RHB Jack Power 0-0: Foul Ball, location: 2F
0-1: Fly out, F6 (Line Drive, 6, EV 71.9 MPH)
Batting: SHB Brian Bagley 0-0: Foul Ball, location: 2F
0-1: Fly out, F8 (Flyball, 89M, EV 90.6 MPH)
Bottom of the 9th over - 0 runs, 0 hits, 0 errors, 2 left on base; Springfield 8 - Mississippi 6
Thursday, March 31st , 2022 - OOTP Baseball 22.12 Build 89